 Seeded DCSS version 0.30-a0-242-g7bf8e6d787 (webtiles) character file.

Game seed: 11836800648259413034 (custom seed)

30 Hubris850 the Insei (level 3, -2/23 HPs)
             Began as an Octopode Transmuter on Oct 11, 2022.
             Slain by a goblin
             ... wielding a +0 dagger
             ... led by Robin
              (4 damage)
             ... on level 1 of the Dungeon.
             The game lasted 00:03:37 (675 turns).

Hubris850 the Insei (Octopode Transmuter)            Turns: 675, Time: 00:03:38

Health: -2/23      AC:  1    Str: 18    XL:     3   Next: 20%
Magic:  4/6        EV: 13    Int: 19    God:
Gold:   77         SH:  4    Dex: 18    Spells: 2/6 levels left

rFire   x . .      SeeInvis +      - Unarmed
rCold   . . .      Faith    .    c - +0 buckler
rNeg    + . .      Spirit   .    (helmet restricted)
rPois   +          Reflect  .    (no amulet)
rElec   .          Harm     .    g - ring "Vynt" {rPois rF- Will+ SInv}
rCorr   .          Rampage  .    h - ring of Rezoadaf {rN+ Str+3 Dex+6}
Will    +....                    f - ring "Faus" {rPois Str+6 Int+2}
Stlth   +++.......               (no ring)
HPRegen 0.23/turn                (no ring)
MPRegen 0.10/turn                (no ring)
                                 (no ring)
                                 (no ring)

@: no status effects
A: almost no armour, amphibious, 8 rings, camouflage 1, gelatinous body 1,
(nimble swimmer 1), tentacles
a: no special abilities


You were on level 1 of the Dungeon.
You visited 1 branch of the dungeon, and saw 2 of its levels.

You collected 77 gold pieces.

Inventory:

Missiles
 i - 6 poisoned darts
Armour
 c - a +0 buckler (worn)
Jewellery
 f - the ring "Faus" (on tentacle) {rPois Str+6 Int+2}
   (You acquired it on level 1 of the Dungeon)

   [ring of strength]

   Str:       It affects your strength (+6).
   Int:       It affects your intelligence (+2).
   rPois:     It protects you from poison.
 g - the ring "Vynt" (left tentacle) {rPois rF- Will+ SInv}
   (You acquired it on level 1 of the Dungeon)

   [ring of see invisible]

   rF:        It makes you vulnerable to fire.
   rPois:     It protects you from poison.
   SInv:      It lets you see invisible.
   Will:      It increases your willpower.
 h - the ring of Rezoadaf (right tentacle) {rN+ Str+3 Dex+6}
   (You acquired it on level 1 of the Dungeon)

   [ring of dexterity]

   Str:       It affects your strength (+3).
   Dex:       It affects your dexterity (+6).
   rN:        It protects you from negative energy.
Potions
 a - a potion of lignification
 b - a potion of flight {unknown}
 d - 2 potions of brilliance {unknown}
 e - 3 potions of heal wounds {unknown}
 j - a potion of curing {unknown}


   Skills:
 + Level 1.6 Fighting
 + Level 2.3 Dodging
 + Level 3.2 Unarmed Combat
 + Level 2.3 Spellcasting
 + Level 2.3 Transmutations
 + Level 0.1 Poison Magic


You had 2 spell levels left.
You knew the following spells:

 Your Spells              Type           Power      Damage    Failure   Level
a - Beastly Appendage     Tmut           22%        N/A       9%          1
b - Spider Form           Tmut/Pois      6%         N/A       38%         3

Your spell library contained the following spells:

 Spells                   Type           Power      Damage    Failure   Level
 Wereblood                Tmut           11%        N/A       13%         2
 Static Discharge         Conj/Air       4%         2-3/arc   34%         2
 Sublimation of Blood     Necr           2%         N/A       34%         2
 Vhi's Electric Charge    Tloc/Air       4%         N/A       56%         3
 Ice Form                 Ice/Tmut       6%         N/A       80%         4
 Petrify                  Tmut/Erth      6%         N/A       80%         4
 Irradiate                Conj/Tmut      3%         3d12      98%         5
 Arcjolt                  Conj/Air       1%         1d11      99%         5
 Lightning Bolt           Conj/Air       1%         1d12      99%         5


Dungeon Overview and Level Annotations

Branches:
Dungeon (2/15)

Altars:

Annotations:
D:2 Robin


Innate Abilities, Weirdness & Mutations

You cannot wear most types of armour.
You are amphibious.
You can wear up to eight rings at the same time.
Your skin changes colour to match your surroundings (Stealth+).
Your rubbery body absorbs attacks. (AC +1, EV +1)
((You are camouflaged when in or above water. (Stealth+)))
You have tentacles for arms and can constrict up to eight enemies at once.


Message History

Robin roars a battlecry!
The hobgoblin hits you.
You hear an angry hiss.
You barely miss the hobgoblin.
The hobgoblin is heavily wounded.
The hobgoblin closely misses you.
Robin roars a battlecry!
A hobgoblin comes into view.
You hit the hobgoblin but do no damage.
The hobgoblin is almost dead.
The hobgoblin hits you.
You hit the hobgoblin.
You kill the hobgoblin!
A goblin comes into view. It is wielding a +0 dagger.
Robin throws the goblin at you!
Your transformation has ended.
Your +0 buckler unmelds from your body.
The goblin hits you with a +0 dagger. The hobgoblin hits you.
* * * LOW HITPOINT WARNING * * *
The goblin closely misses you.
You climb upwards.
There is a stone staircase leading down here.
You tentacle-slap the hobgoblin. Your grab misses the hobgoblin.
The hobgoblin is almost dead.
You block the hobgoblin's attack. The goblin barely misses you.
You block the goblin's attack.
You barely miss the goblin. You grab the goblin. You tentacle-slap the goblin.
You squeeze the goblin.
You kill the goblin!
The hobgoblin barely misses you. The goblin hits you with a +0 dagger.
* * * LOW HITPOINT WARNING * * *
You tentacle-slap the hobgoblin.
You kill the hobgoblin!
You block the goblin's attack.
Unknown command.
You tentacle-slap the goblin. Your grab misses the goblin.
Your squeeze misses the goblin.
The goblin is heavily wounded.
The goblin hits you with a +0 dagger.
You die...

##....[..........## #######
................##
........###.....# .......##
#.....# ........# ###.###
........#####...##########
)............#.....#.....##
........####....)....÷....##
........# #....@.......†..#
### ........#
#...g...........###P##
........#
#..............###..P#
..).....#
#............##P#P†..#
..†.....#
#............#P.#.P~[♣
........#
##...........#.#..~~._
.......##
##.....#....#.##.PP.♣
#.....##
##########.P.P#P...# #######
#..####..P#


You could see a goblin (strong).

Vanquished Creatures
  A dart slug (D:1)
  An endoplasm (D:1)
  A giant cockroach (D:1)
  3 goblins
  5 hobgoblins
  A quokka (D:1)
  3 ball pythons (D:1)
  4 bats
  2 frilled lizards (D:1)
  A kobold (D:1)
  5 rats (D:1)
27 creatures vanquished.

Notes
Turn   | Place    | Note
-------+----------+-------------------------------------------
     0 | D:1      | Hubris850 the Octopode Transmuter began the quest for the
                  | Orb.
     0 | D:1      | Reached XP level 1. HP: 13/13 MP: 3/3
   114 | D:1      | Reached XP level 2. HP: 18/18 MP: 5/5
   242 | D:1      | Identified 3 scrolls of acquirement
   242 | D:1      | Acquired the ring "Vynt" {rPois rF- Will+ SInv}
   245 | D:1      | Acquired the ring of Rezoadaf {rN+ Str+3 Dex+6}
   248 | D:1      | Acquired the ring "Faus" {rPois Str+6 Int+2}
   433 | D:1      | Reached XP level 3. HP: 19/23 MP: 6/6
   437 | D:1      | Learned a level 3 spell: Spider Form
   460 | D:1      | Found a faded altar of an unknown god.
   649 | D:2      | Noticed Robin
   673 | D:1      | HP: 1/23 [goblin/+0 dagger[Robin] (4)]
   675 | D:1      | Slain by a goblin

Illustrated notes

Levels and vault maps discovered:
D:1:      minmay_arrival_nine_rooms, layout_rooms,
          dreamdust_ecumenical_altar_hidden_monk_grotto
D:2:      layout_loops_ring, minmay_strange_pillars, uniq_robin

Action                   || total
-------------------------++-------
Melee: Unarmed           ||    48
       Tentacles         ||     9
       Constrict         ||    10
       Punch             ||     2
       Kick              ||     1
 Cast: Beastly Appendage ||     2
       Spider Form       ||     1
  Use: Scroll            ||     3
 Stab: Sleeping          ||     3
Armor: Skin              ||     4
Dodge: Dodged            ||    21
Block: Buckler           ||     8

Table legend: (Time is in decaauts)
 A = Elapsed time spent in this place.
 B = Non-inter-level travel time spent in this place.
 C = Inter-level travel time spent in this place.
 D = Time resting spent in this place.
 E = Time spent auto-exploring this place.
 F = Levels seen in this place.
 G = Mean time per level.
                   A        B        C        D        E       F      G
               +--------+--------+--------+--------+--------+-----+--------+
         Total |    672 |    655 |     17 |      0 |    395 |   2 |  336.0 |
       Dungeon |    672 |    655 |     17 |      0 |    395 |   2 |  336.0 |
               +--------+--------+--------+--------+--------+-----+--------+

Top non-repeatable levels by time:
     D:1: 639 daAuts
     D:2: 33 daAuts
